| TOP OF THE 1ST |
|
Atlanta Braves batting - Pitching for Montreal Expos : LHP Frank Tanana
|
|
Pitching: LHP Frank Tanana
|
|
|
Batting: RHB Gil Flores
|
0-0: Fly out, F9 (Flyball, 89M, EV 91.3 MPH)
|
|
Batting: LHB Mike Hargrove
|
0-0: Ball 1-0: Foul Ball, location: 2F 1-1: Reached on error, E6 (Flyball, 56D, EV 83.8 MPH)
|
|
Batting: SHB Tony Fernandez
|
0-0: Called Strike 0-1: Called Strike 0-2: Foul Ball, location: 2F 0-2: Foul Ball, location: 2F 0-2: Grounds into double play, 5-4-3 (Groundball, 56, EV 104.4 MPH)
|
| Top of the 1st over - 0 runs, 0 hits, 1 error, 0 left on base; Atlanta 0 - Montreal 0 |
| BOTTOM OF THE 1ST |
|
Montreal Expos batting - Pitching for Atlanta Braves : LHP Danny Jaster
|
|
Pitching: LHP Danny Jaster
|
|
|
Batting: LHB Duane Walker
|
0-0: Ball 1-0: SINGLE (Groundball, 4MD, EV 102.5 MPH)
|
|
Batting: SHB Garry Templeton
|
0-0: Called Strike 0-1: Ball 1-1: Bunted foul 1-2: Foul Ball, location: 2F 1-2: SINGLE (Groundball, 4MD, EV 105.6 MPH) (infield hit) Duane Walker to second
|
|
Batting: RHB Dale Murphy
|
0-0: Foul Ball, location: 2F 0-1: Ball 1-1: Swinging Strike 1-2: Ground out 5-3 (Groundball, 56S, EV 64.4 MPH) Duane Walker to third Garry Templeton to second
|
|
Batting: LHB Guonçalo Fernandes
|
0-0: Ball 1-0: Called Strike 1-1: Called Strike 1-2: SINGLE (Groundball, 34S, EV 87.5 MPH) (infield hit) Duane Walker scores Garry Templeton to third
|
|
Batting: RHB Luis Sanchez
|
0-0: Ball 1-0: Ball Guonçalo Fernandes steals 2nd base 2-0: Foul Ball, location: 2F 2-1: Foul Ball, location: 2F 2-2: Foul Ball, location: 2F 2-2: Foul Ball, location: 2F 2-2: SINGLE (Line Drive, 56, EV 95.6 MPH) Garry Templeton scores Guonçalo Fernandes to third Runner from 3rd tries for Home, SAFE, throw by LF to home
|
|
Batting: SHB Alex Ortiz
|
0-0: Ball 1-0: Ball 2-0: Foul Ball, location: 2F 2-1: Fielders Choice at 2nd, 1-6 (Groundball, 13S, EV 73.8 MPH)
|
|
Batting: LHB Ernesto Quevedo
|
0-0: Called Strike 0-1: Called Strike Alex Ortiz steals 2nd base 0-2: Ball 1-2: Foul Ball, location: 2F 1-2: Foul Ball, location: 2F 1-2: Ball 2-2: SINGLE (Groundball, 25, EV 65.0 MPH) (infield hit) Alex Ortiz to third
|
|
Batting: SHB Biff Pocoroba
|
0-0: Ball 1-0: SINGLE (Groundball, 56S, EV 65.6 MPH) (infield hit) Alex Ortiz scores Ernesto Quevedo to second
|
|
Batting: LHB Frank Tanana
|
0-0: Ground out U3 (Groundball, 34, EV 86.9 MPH)
|
| Bottom of the 1st over - 4 runs, 6 hits, 0 errors, 2 left on base; Atlanta 0 - Montreal 4 |
| TOP OF THE 2ND |
|
Atlanta Braves batting - Pitching for Montreal Expos : LHP Frank Tanana
|
|
Batting: LHB Leon Durham
|
0-0: Fly out, F8 (Flyball, 8RD, EV 103.1 MPH)
|
|
Batting: LHB Mike Scioscia
|
0-0: Ball 1-0: Ball 2-0: Foul Ball, location: 2F 2-1: Ball 3-1: Called Strike 3-2: Base on Balls
|
|
Batting: RHB Craig Kusick
|
0-0: Ball 1-0: Foul Ball, location: 2F 1-1: Foul Ball, location: 2F 1-2: DOUBLE (Flyball, 78D, EV 109.4 MPH) Mike Scioscia to third Runner from 3rd tries for Home, SAFE, throw by LF to trailing runner, OUT at third! 7-3-5
|
|
Batting: LHB Joe L Morgan
|
0-0: Ball 1-0: Called Strike 1-1: Ball 2-1: Ball 3-1: DOUBLE (Groundball, 3L, EV 98.8 MPH)
|
|
Batting: RHB John Freitas
|
0-0: Ball 1-0: Ball Wild Pitch! Joe L Morgan to third 2-0: Called Strike 2-1: Ball 3-1: Base on Balls
|
|
Batting: LHB Danny Jaster
|
0-0: Called Strike 0-1: Ball 1-1: Foul Ball, location: 2F 1-2: Ball 2-2: Strikes out swinging
|
| Top of the 2nd over - 1 run, 2 hits, 0 errors, 2 left on base; Atlanta 1 - Montreal 4 |
| BOTTOM OF THE 2ND |
|
Montreal Expos batting - Pitching for Atlanta Braves : LHP Danny Jaster
|
|
Batting: LHB Duane Walker
|
0-0: Ball 1-0: Ball 2-0: Called Strike 2-1: Ball 3-1: Foul Ball, location: 2F 3-2: Base on Balls
|
|
Batting: SHB Garry Templeton
|
0-0: Called Strike 0-1: Called Strike 0-2: Ball 1-2: Foul Ball, location: 2F 1-2: Ball Duane Walker steals 2nd base 2-2: Strikes out swinging
|
|
Batting: RHB Dale Murphy
|
0-0: Ball 1-0: Foul Ball, location: 2F 1-1: Swinging Strike 1-2: Strikes out swinging
|
|
Batting: LHB Guonçalo Fernandes
|
0-0: Ball 1-0: Swinging Strike 1-1: Foul Ball, location: 2F 1-2: Ball 2-2: Ground out 4-3 (Groundball, 34, EV 105.6 MPH)
|
| Bottom of the 2nd over - 0 runs, 0 hits, 0 errors, 1 left on base; Atlanta 1 - Montreal 4 |
| TOP OF THE 3RD |
|
Atlanta Braves batting - Pitching for Montreal Expos : LHP Frank Tanana
|
|
Batting: RHB Gil Flores
|
0-0: Hit by Pitch
|
|
Batting: LHB Mike Hargrove
|
0-0: Called Strike 0-1: Fly out, F5 (Popup, 56, EV 60.0 MPH)
|
|
Batting: SHB Tony Fernandez
|
0-0: Called Strike 0-1: Ball 1-1: Grounds into double play, 5-4-3 (Groundball, 56, EV 103.8 MPH)
|
| Top of the 3rd over - 0 runs, 0 hits, 0 errors, 0 left on base; Atlanta 1 - Montreal 4 |
| BOTTOM OF THE 3RD |
|
Montreal Expos batting - Pitching for Atlanta Braves : LHP Danny Jaster
|
|
Batting: RHB Luis Sanchez
|
0-0: Ball 1-0: Ground out 6-3 (Groundball, 6, EV 103.1 MPH)
|
|
Batting: SHB Alex Ortiz
|
0-0: Called Strike 0-1: Foul Ball, location: 2F 0-2: Foul Ball, location: 2F 0-2: Ball 1-2: Ground out 5-3 (Groundball, 5S, EV 88.8 MPH)
|
|
Batting: LHB Ernesto Quevedo
|
0-0: Foul Ball, location: 2F 0-1: Called Strike 0-2: Strikes out swinging
|
| Bottom of the 3rd over - 0 runs, 0 hits, 0 errors, 0 left on base; Atlanta 1 - Montreal 4 |
| TOP OF THE 4TH |
|
Atlanta Braves batting - Pitching for Montreal Expos : LHP Frank Tanana
|
|
Batting: LHB Leon Durham
|
0-0: Called Strike 0-1: Fly out, F5 (Flyball, 5D, EV 95.0 MPH)
|
|
Batting: LHB Mike Scioscia
|
0-0: Foul Ball, location: 2F 0-1: Ball 1-1: Ground out 4-3 (Groundball, 34, EV 87.5 MPH)
|
|
Batting: RHB Craig Kusick
|
0-0: Called Strike 0-1: Ball 1-1: Ground out 3-1 (Groundball, 34S, EV 92.5 MPH)
|
| Top of the 4th over - 0 runs, 0 hits, 0 errors, 0 left on base; Atlanta 1 - Montreal 4 |
| BOTTOM OF THE 4TH |
|
Montreal Expos batting - Pitching for Atlanta Braves : LHP Danny Jaster
|
|
Batting: SHB Biff Pocoroba
|
0-0: Foul Ball, location: 2F 0-1: Ball 1-1: Ball 2-1: Fly out, F8 (Flyball, 8LD, EV 88.8 MPH)
|
|
Batting: LHB Frank Tanana
|
0-0: Ball 1-0: Swinging Strike 1-1: SINGLE (Groundball, 6D, EV 104.4 MPH)
|
|
Batting: LHB Duane Walker
|
0-0: Called Strike 0-1: Fielders Choice at 2nd, 5-4 (Groundball, 5, EV 98.8 MPH)
|
|
Batting: SHB Garry Templeton
|
0-0: SINGLE (Line Drive, 8RS, EV 86.3 MPH) Duane Walker to second Runner from 2nd tries for 3rd, SAFE, no throw by CF
|
|
Batting: RHB Dale Murphy
|
0-0: 3-RUN HOME RUN (Flyball, 7D, EV 103.8 MPH), Distance : 384 ft
|
|
Pitching: RHP Migel Puente
|
|
|
Batting: LHB Guonçalo Fernandes
|
0-0: Ball 1-0: Fly out, F2 (Popup, 15S, EV 84.4 MPH)
|
| Bottom of the 4th over - 3 runs, 3 hits, 0 errors, 0 left on base; Atlanta 1 - Montreal 7 |
| TOP OF THE 5TH |
|
Atlanta Braves batting - Pitching for Montreal Expos : LHP Frank Tanana
|
|
Batting: LHB Joe L Morgan
|
0-0: Called Strike 0-1: Foul Ball, location: 2F 0-2: Foul Ball, location: 2F 0-2: Ball 1-2: Ground out 4-3 (Groundball, 4, EV 91.3 MPH)
|
|
Batting: RHB John Freitas
|
0-0: Called Strike 0-1: Foul Ball, location: 2F 0-2: Ball 1-2: Strikes out swinging
|
|
Batting: RHB Migel Puente
|
0-0: Called Strike 0-1: Swinging Strike 0-2: Strikes out swinging
|
| Top of the 5th over - 0 runs, 0 hits, 0 errors, 0 left on base; Atlanta 1 - Montreal 7 |
| BOTTOM OF THE 5TH |
|
Montreal Expos batting - Pitching for Atlanta Braves : RHP Migel Puente
|
|
Batting: RHB Luis Sanchez
|
0-0: Foul Ball, location: 2F 0-1: Ground out 5-3 (Groundball, 56S, EV 85.0 MPH)
|
|
Batting: SHB Alex Ortiz
|
0-0: Ball 1-0: Ball 2-0: Foul Ball, location: 2F 2-1: Foul Ball, location: 2F 2-2: Foul Ball, location: 2F 2-2: Ground out 4-3 (Groundball, 4, EV 88.1 MPH)
|
|
Batting: LHB Ernesto Quevedo
|
0-0: Fly out, F4 (Popup, 4, EV 61.9 MPH)
|
| Bottom of the 5th over - 0 runs, 0 hits, 0 errors, 0 left on base; Atlanta 1 - Montreal 7 |
| TOP OF THE 6TH |
|
Atlanta Braves batting - Pitching for Montreal Expos : LHP Frank Tanana
|
|
Batting: RHB Gil Flores
|
0-0: Ball 1-0: Foul Ball, location: 2F 1-1: Ball 2-1: Called Strike 2-2: Ground out 6-3 (Groundball, 6, EV 86.9 MPH)
|
|
Batting: LHB Mike Hargrove
|
0-0: Swinging Strike 0-1: Ball 1-1: Ball 2-1: Swinging Strike 2-2: Ball 3-2: Ground out U3 (Groundball, 3, EV 106.9 MPH)
|
|
Batting: SHB Tony Fernandez
|
0-0: Called Strike 0-1: Foul Ball, location: 2F 0-2: Ball 1-2: Ball 2-2: Fly out, F3 (Line Drive, 3, EV 68.8 MPH)
|
| Top of the 6th over - 0 runs, 0 hits, 0 errors, 0 left on base; Atlanta 1 - Montreal 7 |
| BOTTOM OF THE 6TH |
|
Montreal Expos batting - Pitching for Atlanta Braves : RHP Migel Puente
|
|
Batting: SHB Biff Pocoroba
|
0-0: Fly out, F9 (Flyball, 9LS, EV 96.3 MPH)
|
|
Batting: LHB Frank Tanana
|
0-0: Ball 1-0: Foul Ball, location: 2F 1-1: Swinging Strike 1-2: Ground out U3 (Groundball, 3S, EV 71.9 MPH)
|
|
Batting: LHB Duane Walker
|
0-0: Fly out, F7 (Flyball, 78D, EV 98.1 MPH)
|
| Bottom of the 6th over - 0 runs, 0 hits, 0 errors, 0 left on base; Atlanta 1 - Montreal 7 |
| TOP OF THE 7TH |
|
Atlanta Braves batting - Pitching for Montreal Expos : LHP Frank Tanana
|
|
Batting: LHB Leon Durham
|
0-0: Ball 1-0: Foul Ball, location: 2F 1-1: Ball 2-1: Ground out 3-1 (Groundball, 34S, EV 70.6 MPH)
|
|
Batting: LHB Mike Scioscia
|
0-0: Swinging Strike 0-1: Ball 1-1: Ball 2-1: Foul Ball, location: 2F 2-2: Foul Ball, location: 2F 2-2: Fly out, F6 (Popup, 6S, EV 58.1 MPH)
|
|
Batting: RHB Craig Kusick
|
0-0: Ball 1-0: Foul Ball, location: 2F 1-1: Ball 2-1: Called Strike 2-2: Ball 3-2: Strikes out swinging
|
| Top of the 7th over - 0 runs, 0 hits, 0 errors, 0 left on base; Atlanta 1 - Montreal 7 |
| BOTTOM OF THE 7TH |
|
Montreal Expos batting - Pitching for Atlanta Braves : RHP Migel Puente
|
|
Batting: SHB Garry Templeton
|
0-0: Foul Ball, location: 2F 0-1: Foul Ball, location: 2F 0-2: Ball 1-2: Foul Ball, location: 2F 1-2: Fly out, F3 (Line Drive, 3, EV 66.3 MPH)
|
|
Batting: RHB Dale Murphy
|
0-0: Fly out, F9 (Flyball, 9D, EV 101.9 MPH)
|
|
Batting: LHB Guonçalo Fernandes
|
0-0: Called Strike 0-1: Ball 1-1: Called Strike 1-2: SINGLE (Groundball, 4, EV 102.5 MPH)
|
|
Batting: RHB Luis Sanchez
|
0-0: Ball 1-0: Ball 2-0: Ball 3-0: Called Strike 3-1: Foul Ball, location: 2F 3-2: Foul Ball, location: 2F 3-2: Ground out U3 (Groundball, 3L, EV 86.9 MPH)
|
| Bottom of the 7th over - 0 runs, 1 hit, 0 errors, 1 left on base; Atlanta 1 - Montreal 7 |
| TOP OF THE 8TH |
|
Atlanta Braves batting - Pitching for Montreal Expos : LHP Frank Tanana
|
|
Batting: LHB Joe L Morgan
|
0-0: Foul Ball, location: 2F 0-1: Swinging Strike 0-2: Strikes out swinging
|
|
Batting: RHB John Freitas
|
0-0: Called Strike 0-1: Called Strike 0-2: Ball 1-2: Fly out, F8 (Flyball, 8RXD, EV 83.8 MPH)
|
|
Pinch Hitting: LHB Matt Winters
|
0-0: Swinging Strike 0-1: Ball 1-1: Ball 2-1: Ball 3-1: Base on Balls
|
|
Batting: RHB Gil Flores
|
0-0: Ball 1-0: Foul Ball, location: 2F 1-1: Swinging Strike 1-2: Foul Ball, location: 2F 1-2: Ball 2-2: Ball 3-2: Base on Balls Matt Winters to second
|
|
Batting: LHB Mike Hargrove
|
0-0: Ball 1-0: Ball 2-0: Ground out 4-3 (Groundball, 4, EV 99.4 MPH)
|
| Top of the 8th over - 0 runs, 0 hits, 0 errors, 2 left on base; Atlanta 1 - Montreal 7 |
| BOTTOM OF THE 8TH |
|
Montreal Expos batting - Pitching for Atlanta Braves : RHP Migel Puente
|
|
Pitching: RHP Tom Griffin
|
|
|
Batting: SHB Alex Ortiz
|
0-0: Ball 1-0: Called Strike 1-1: Ground out 1-3 (Groundball, 34S, EV 70.0 MPH)
|
|
Batting: LHB Ernesto Quevedo
|
0-0: Called Strike 0-1: Ball 1-1: Ball 2-1: Foul Ball, location: 2F 2-2: Ball 3-2: Base on Balls
|
|
Batting: SHB Biff Pocoroba
|
0-0: Foul Ball, location: 2F 0-1: Grounds into double play, 4-6-3 (Groundball, 4, EV 88.8 MPH)
|
| Bottom of the 8th over - 0 runs, 0 hits, 0 errors, 0 left on base; Atlanta 1 - Montreal 7 |
| TOP OF THE 9TH |
|
Atlanta Braves batting - Pitching for Montreal Expos : LHP Frank Tanana
|
|
Batting: SHB Tony Fernandez
|
0-0: Ground out 6-3 (Groundball, 6, EV 80.6 MPH)
|
|
Batting: LHB Leon Durham
|
0-0: Swinging Strike 0-1: Fly out, F9 (Flyball, 9LM, EV 86.3 MPH)
|
|
Batting: LHB Mike Scioscia
|
0-0: Fly out, F5 (Line Drive, 5, EV 65.0 MPH)
|
| Top of the 9th over - 0 runs, 0 hits, 0 errors, 0 left on base; Atlanta 1 - Montreal 7 |
|